 Dungeon Crawl Stone Soup version 0.31-a0-1165-g196b491b36 (webtiles) character file.

Game seed: 8669542808386868469

148 horus123 the Digger (level 4, -7/33 HPs)
             Began as a Demigod Earth Elementalist on Dec 10, 2023.
             Mangled by an iguana (11 damage)
             ... on level 3 of the Dungeon.
             The game lasted 00:03:51 (2045 turns).

horus123 the Digger (Demigod Earth Elementalist)    Turns: 2045, Time: 00:03:52

Health: -7/33      AC:  2    Str:  9    XL:     4   Next: 82%
Magic:  4/11       EV: 12    Int: 21    God:
Gold:   161        SH:  0    Dex: 14    Spells: 5/9 levels left

rFire   . . .        m - +1 falchion
rCold   . . .        (no shield)
rNeg    . . .        a - +0 robe
rPois   .            (no helmet)
rElec   .            (no cloak)
rCorr   +            (no gloves)
SInv    .            (no boots)
Will    .....        (no amulet)
Stlth   ++           g - ring of wizardry
HPRegen 0.25/turn    j - ring of resist corrosion
MPRegen 0.12/turn

%: wizardry (x1)
@: no status effects
A: high MP 1, forlorn, divine attributes
a: no special abilities


You were on level 3 of the Dungeon.
You visited 1 branch of the dungeon, and saw 3 of its levels.

You collected 161 gold pieces.

Inventory:

Hand Weapons
 m - a +1 falchion (weapon)
Armour
 a - a +0 robe (worn)
Jewellery
 g - a ring of wizardry (left hand)
 j - a ring of resist corrosion (right hand)
Scrolls
 d - a scroll of silence {unknown}
 f - a scroll of teleportation
 k - a scroll of noise
 n - a scroll of brand weapon {unknown}
Potions
 b - a potion of magic
 c - a potion of cancellation {unknown}
 e - 3 potions of curing {unknown}
 h - a potion of enlightenment {unknown}
 i - a potion of resistance {unknown}
 l - a potion of mutation {unknown}


   Skills:
 - Level 1.7 Dodging
 - Level 1.7 Stealth
 - Level 3.0 Spellcasting
 - Level 0.8 Transmutations
 + Level 4.5 Earth Magic


You had 5 spell levels left.
You knew the following spells:

 Your Spells              Type           Power      Damage    Failure   Level
a - Sandblast             Erth           44%        2d11      1%          1
b - Stone Arrow           Conj/Erth      24%        3d8       6%          3

Your spell library contained the following spells:

 Spells                   Type           Power      Damage    Failure   Level
 Passwall                 Tmut/Erth      11%        N/A       2%          2
 Shock                    Conj/Air       12%        1d3       5%          1
 Lesser Beckoning         Tloc           6%         N/A       9%          2
 Gell's Gravitas          Tloc           3%         N/A       16%         3
 Swiftness                Air            3%         N/A       16%         3
 Teleport Other           Tloc           3%         N/A       16%         3
 Petrify                  Tmut/Erth      14%        N/A       17%         4
 Brom's Barrelling Bould  Conj/Erth      12%        2d4       21%         4
 Airstrike                Air            1%         2d(1-17)  45%         4


Dungeon Overview and Level Annotations

Branches:
Dungeon (3/15)

Shops:
D:1 :


Innate Abilities, Weirdness & Mutations

You have an increased reservoir of magic. (+10% MP)
You shall have no god before yourself.
Your divine heritage dramatically boosts your attributes as you level up.


Message History

You see here a ball python corpse.
A bat comes into view.
You can't see any susceptible monsters within range! (Use Z to cast anyway.)
The blast of sand hits the bat!
You kill the bat!
d - a scroll labelled OFREOG YGUS An iguana comes into view.
Found a whip.
Found a stone staircase leading down.
The iguana hisses angrily.
The blast of sand hits the iguana!
The iguana is heavily wounded.
The blast of sand hits the iguana.
The iguana is severely wounded.
The blast of sand misses the iguana.
The iguana bites you!
The blast of sand hits the iguana.
The iguana is almost dead.
The iguana bites you. The iguana misses you.
An iguana is nearby!
The blast of sand misses the iguana.
The iguana closely misses you.
An iguana is nearby!
The blast of sand hits the iguana but does no damage.
The iguana is almost dead.
The iguana completely misses you. The iguana bites you!
You are too injured to fight recklessly!
Aiming: Sandblast (safe; 1% risk of failure)
Press: ? - help, Q - select action, (/) - cycle Shift-Dir - straight line, f/p - iguana
Aim: an iguana (almost dead, 85% to hit)
The blast of sand hits the iguana but does no damage.
The iguana is almost dead.
The iguana bites you!
* * * LOW HITPOINT WARNING * * *
Unknown command.
Aiming: Sandblast (safe; 1% risk of failure)
Press: ? - help, Q - select action, (/) - cycle Shift-Dir - straight line, f/p - iguana
Aim: an iguana (almost dead, 85% to hit)
The blast of sand hits the iguana but does no damage.
The iguana is almost dead.
The iguana closely misses you. The iguana bites you!
You die...

####.....####
....... #####..##
#...#.#
##..####.....
...######...##.#.#.#
....................
...#########.#.#.#.#
#...# ##..# ##@# #l#
#.# #)# #.# #.. #>.
#..


You could see an iguana.

Vanquished Creatures
  Terence (D:2)
  Natasha (thrice) (D:2)
  A worm (D:2)
  4 ball pythons
  5 endoplasms
  A giant cockroach (D:2)
  8 goblins (D:2)
  5 hobgoblins
  2 jackals (D:1)
  A quokka (D:2)
  4 bats
  A frilled lizard (D:1)
  5 kobolds
  3 rats
44 creatures vanquished.

Notes
Turn   | Place    | Note
-------+----------+-------------------------------------------
     0 | D:1      | horus123 the Demigod Earth Elementalist began the quest for
                  | the Orb.
     0 | D:1      | Reached XP level 1. HP: 14/14 MP: 5/5
   242 | D:1      | Reached XP level 2. HP: 8/20 MP: 1/8
   373 | D:1      | Found Apaub's Book Emporium.
  1138 | D:2      | Noticed Natasha
  1142 | D:2      | Killed Natasha
  1143 | D:2      | Reached skill level 3 in Earth Magic
  1143 | D:2      | Reached XP level 3. HP: 26/26 MP: 7/10
  1147 | D:2      | Learned a level 3 spell: Stone Arrow
  1276 | D:2      | Noticed Terence
  1283 | D:2      | Killed Terence
  1368 | D:2      | Reached XP level 4. HP: 27/33 MP: 7/11
  1552 | D:2      | Noticed Natasha
  1558 | D:2      | Killed Natasha
  1559 | D:2      | Reached skill level 4 in Earth Magic
  1567 | D:2      | Noticed Natasha
  1572 | D:2      | Killed Natasha
  1649 | D:2      | Identified the +9 dagger "Juoladoruck" {heavy, Fragile
                  | +Blink rC+ rCorr}
  2045 | D:3      | Mangled by an iguana

Illustrated notes

Levels and vault maps discovered:
D:1:      zaba_arrival_water, layout_basic, serial_shops,
          nicolae_shop_gibbet_a_chance
D:2:      cheibrodos_greedy_goblins, layout_basic,
          ebering_ecumenical_altar_hall, uniq_natasha, uniq_terence
D:3:      layout_basic, uniq_robin

Skill      XL: |  1  2  3  4 |
---------------+-------------+-----
Spellcasting   | 2 3 |  3.0
Earth Magic    | 3 4 |  4.5
Dodging        | |  1.7
Stealth        | |  1.7
Transmutations | |  0.8

Action                     |  1- 3 |  4- 6 || total
---------------------------+-------+-------++-------
  Melee: Mace              |     1 |       ||     1
   Cast: Sandblast         |    42 |    31 ||    73
    Use: Scroll            |     4 |     1 ||     5
 Armour: Robe              |    11 |    14 ||    25
  Dodge: Dodged            |    12 |    10 ||    22

Table legend: (Time is in decaauts)
 A = Elapsed time spent in this place.
 B = Non-inter-level travel time spent in this place.
 C = Inter-level travel time spent in this place.
 D = Time resting spent in this place.
 E = Time spent auto-exploring this place.
 F = Levels seen in this place.
 G = Mean time per level.
                   A        B        C        D        E       F      G
               +--------+--------+--------+--------+--------+-----+--------+
         Total |   2092 |   2032 |     60 |    109 |   1584 |   3 |  697.3 |
       Dungeon |   2092 |   2032 |     60 |    109 |   1584 |   3 |  697.3 |
               +--------+--------+--------+--------+--------+-----+--------+

Top non-repeatable levels by time:
     D:2: 1023 daAuts
     D:1: 819 daAuts
     D:3: 249 daAuts
